NCAA
IOWA STATE CYCLONES @ OHIO STATE BUCKEYES
05/23/2023
 
TOP OF THE 1ST
Iowa State Cyclones batting - Pitching for Ohio State Buckeyes : RHP Tom Wallace
Pitching: RHP Tom Wallace
Batting: RHB Dan Morrison 0-0: Ball
1-0: Swinging Strike
1-1: Foul Ball, location: 2F
1-2: Ball
2-2: Ground out 1-3 (Groundball, 15)
Batting: SHB Sean Taylor 0-0: Called Strike
0-1: Swinging Strike
0-2: Strikes out looking
Batting: LHB Ramiro Muńóz 0-0: Ball
1-0: Ball
2-0: Fly out, F3 (Popup, 23)
Top of the 1st over - 0 run(s), 0 hit(s), 0 error(s), 0 left on base; Iowa State 0 - Ohio State 0
BOTTOM OF THE 1ST
Ohio State Buckeyes batting - Pitching for Iowa State Cyclones : RHP José Salinas
Pitching: RHP José Salinas
Batting: SHB Thomas Simmons 0-0: Ground out 5-3 (Groundball, 56)
Batting: SHB Jorge Rodríguez 0-0: Ball
1-0: Ball
2-0: Fly out, F9 (Flyball, 89D)
Batting: RHB Júlio Morales 0-0: Fly out, F8 (Flyball, 8RD)
Bottom of the 1st over - 0 run(s), 0 hit(s), 0 error(s), 0 left on base; Iowa State 0 - Ohio State 0
TOP OF THE 2ND
Iowa State Cyclones batting - Pitching for Ohio State Buckeyes : RHP Tom Wallace
Batting: SHB Jon Emery 0-0: Called Strike
0-1: Foul Ball, location: 2F
0-2: Ball
1-2: Strikes out swinging
Batting: LHB Jerry Trent 0-0: Foul Ball, location: 2F
0-1: Swinging Strike
0-2: Strikes out swinging
Batting: LHB Sean White 0-0: Ball
1-0: Ball
2-0: Ball
3-0: Called Strike
3-1: Base on Balls
Batting: RHB Tom Cline 0-0: Called Strike
0-1: Ball
1-1: Ball
2-1: Ball
3-1: Base on Balls
Sean White to second
Batting: RHB Michael Godfrey 0-0: Fielders Choice at 2nd, 5-4 (Groundball, 56)
Top of the 2nd over - 0 run(s), 0 hit(s), 0 error(s), 1 left on base; Iowa State 0 - Ohio State 0
BOTTOM OF THE 2ND
Ohio State Buckeyes batting - Pitching for Iowa State Cyclones : RHP José Salinas
Batting: LHB Frank García 0-0: Ball
1-0: Fly out, F8 (Flyball, 8LM)
Batting: SHB Devin Smith 0-0: Ball
1-0: Ball
2-0: Ball
3-0: Foul Ball, location: 2F
3-1: SINGLE (Groundball, 34)
Batting: RHB Gabriel Soto 0-0: Ball
1-0: Swinging Strike
1-1: Called Strike
Devin Smith steals 2nd base
1-2: Ball
2-2: Reached on error, E3 (Groundball, 3)
Devin Smith to third
Batting: SHB Tony Patterson 0-0: Called Strike
0-1: Ball
1-1: Ball
2-1: Called Strike
2-2: Strikes out swinging
Batting: LHB Matt Ruskin 0-0: Foul Ball, location: 2F
0-1: Foul Ball, location: 2F
0-2: Ball
1-2: Strikes out swinging
Bottom of the 2nd over - 0 run(s), 1 hit(s), 1 error(s), 2 left on base; Iowa State 0 - Ohio State 0
TOP OF THE 3RD
Iowa State Cyclones batting - Pitching for Ohio State Buckeyes : RHP Tom Wallace
Batting: SHB Rickey Gray 0-0: Ground out 4-3 (Groundball, 4)
Batting: RHB Dan Morrison 0-0: Called Strike
0-1: Ball
1-1: SINGLE (Line Drive, 56D)
Batting: SHB Sean Taylor 0-0: Ball
Dan Morrison steals 2nd base
1-0: Ball
2-0: Ball
3-0: Called Strike
3-1: Ground out 3-6 (Groundball, 3S)
Dan Morrison to third
Batting: LHB Ramiro Muńóz 0-0: SINGLE (Line Drive, 34D)
Dan Morrison scores
Batting: SHB Jon Emery 0-0: Called Strike
0-1: Foul Ball, location: 2F
0-2: Ball
1-2: Foul Ball, location: 2F
1-2: Fielders Choice at 2nd, U4 (Groundball, 4M)
Top of the 3rd over - 1 run(s), 2 hit(s), 0 error(s), 1 left on base; Iowa State 1 - Ohio State 0
BOTTOM OF THE 3RD
Ohio State Buckeyes batting - Pitching for Iowa State Cyclones : RHP José Salinas
Batting: RHB Santiago Gutiérrez 0-0: Swinging Strike
0-1: Ball
1-1: Bunt for hit - play at first, batter OUT! 5-3
Batting: SHB Thomas Simmons 0-0: Ball
1-0: Ball
2-0: Ball
3-0: Called Strike
3-1: Foul Ball, location: 2F
3-2: Base on Balls
Batting: SHB Jorge Rodríguez 0-0: Ball
1-0: Foul Ball, location: 2F
1-1: Fly out, F7 (Flyball, 78M)
Batting: RHB Júlio Morales 0-0: Ball
1-0: Called Strike
1-1: Foul Ball, location: 2F
1-2: Ground out 6-3 (Groundball, 6)
Bottom of the 3rd over - 0 run(s), 0 hit(s), 0 error(s), 1 left on base; Iowa State 1 - Ohio State 0
TOP OF THE 4TH
Iowa State Cyclones batting - Pitching for Ohio State Buckeyes : RHP Tom Wallace
Batting: LHB Jerry Trent 0-0: Ball
1-0: Ball
2-0: Fly out, F6 (Popup, 4MD)
Batting: LHB Sean White 0-0: Ball
1-0: Called Strike
1-1: Ball
2-1: Ball
3-1: Foul Ball, location: 2F
3-2: Ground out 6-3 (Groundball, 6)
Batting: RHB Tom Cline 0-0: Foul Ball, location: 2F
0-1: Ball
1-1: Ground out 3-1 (Groundball, 34)
Top of the 4th over - 0 run(s), 0 hit(s), 0 error(s), 0 left on base; Iowa State 1 - Ohio State 0
BOTTOM OF THE 4TH
Ohio State Buckeyes batting - Pitching for Iowa State Cyclones : RHP José Salinas
Batting: LHB Frank García 0-0: Reached on error, E4 (Groundball, 4)
Batting: SHB Devin Smith 0-0: Ball
1-0: Called Strike
1-1: Swinging Strike
1-2: Foul Ball, location: 2F
1-2: Strikes out swinging
Batting: RHB Gabriel Soto 0-0: Called Strike
0-1: Foul Ball, location: 2F
0-2: Strikes out swinging
Batting: SHB Tony Patterson 0-0: Called Strike
0-1: Ball
1-1: Called Strike
1-2: Ground out 5-3 (Groundball, 5)
Bottom of the 4th over - 0 run(s), 0 hit(s), 1 error(s), 1 left on base; Iowa State 1 - Ohio State 0
TOP OF THE 5TH
Iowa State Cyclones batting - Pitching for Ohio State Buckeyes : RHP Tom Wallace
Batting: RHB Michael Godfrey 0-0: Ball
1-0: Ground out 5-3 (Groundball, 56S)
Batting: SHB Rickey Gray 0-0: Called Strike
0-1: Ball
1-1: DOUBLE (Flyball, 7LM)
Batting: RHB Dan Morrison 0-0: Ball
1-0: Called Strike
1-1: Ball
2-1: Ground out 5-3 (Groundball, 56)
Batting: SHB Sean Taylor 0-0: Ground out U3 (Groundball, 3S)
Top of the 5th over - 0 run(s), 1 hit(s), 0 error(s), 1 left on base; Iowa State 1 - Ohio State 0
BOTTOM OF THE 5TH
Ohio State Buckeyes batting - Pitching for Iowa State Cyclones : RHP José Salinas
Batting: LHB Matt Ruskin 0-0: Ball
1-0: Called Strike
1-1: Ground out U3 (Groundball, 3L)
Batting: RHB Santiago Gutiérrez 0-0: Foul Ball, location: 2F
0-1: Ball
1-1: Called Strike
1-2: Strikes out swinging
Batting: SHB Thomas Simmons 0-0: Called Strike
0-1: Ball
1-1: Ground out 6-3 (Groundball, 6M)
Bottom of the 5th over - 0 run(s), 0 hit(s), 0 error(s), 0 left on base; Iowa State 1 - Ohio State 0
TOP OF THE 6TH
Iowa State Cyclones batting - Pitching for Ohio State Buckeyes : RHP Tom Wallace
Batting: LHB Ramiro Muńóz 0-0: Ball
1-0: Ball
2-0: Ball
3-0: Called Strike
3-1: Base on Balls
Batting: SHB Jon Emery 0-0: Ball
1-0: DOUBLE (Flyball, 89M)
Ramiro Muńóz to third
Batting: LHB Jerry Trent 0-0: Foul Ball, location: 2F
0-1: Ball
1-1: Foul Ball, location: 2F
1-2: Ball
2-2: 3-RUN HOME RUN (Flyball, 9D), Distance : 353 ft
Batting: LHB Sean White 0-0: Ball
1-0: Called Strike
1-1: Swinging Strike
1-2: Ground out 1-3 (Groundball, 15S)
Pitching: RHP Roger Stewart
Batting: RHB Tom Cline 0-0: Ball
1-0: Ball
2-0: Called Strike
2-1: Foul Ball, location: 2F
2-2: Foul Ball, location: 2F
2-2: Strikes out swinging
Batting: RHB Michael Godfrey 0-0: Ball
1-0: Foul Ball, location: 2F
1-1: Fly out, F7 (Flyball, 7M)
Top of the 6th over - 3 run(s), 2 hit(s), 0 error(s), 0 left on base; Iowa State 4 - Ohio State 0
BOTTOM OF THE 6TH
Ohio State Buckeyes batting - Pitching for Iowa State Cyclones : RHP José Salinas
Batting: SHB Jorge Rodríguez 0-0: Ground out 4-3 (Groundball, 4M)
Batting: RHB Júlio Morales 0-0: Swinging Strike
0-1: Ball
1-1: Foul Ball, location: 2F
1-2: Ball
2-2: Foul Ball, location: 2F
2-2: SINGLE (Groundball, 56)
Batting: LHB Frank García 0-0: Called Strike
0-1: Ball
Wild Pitch!
Júlio Morales to second
1-1: Swinging Strike
1-2: SINGLE (Flyball, 8LS)
Júlio Morales to third
Runner from 3rd tries for Home, SAFE, throw made home
Batting: SHB Devin Smith 0-0: Ball
1-0: Fly out, F3 (Popup, 13S)
Batting: RHB Gabriel Soto 0-0: Ball
1-0: Called Strike
1-1: Ball
2-1: Foul Ball, location: 2F
2-2: Ball
3-2: Strikes out swinging
Bottom of the 6th over - 1 run(s), 2 hit(s), 0 error(s), 1 left on base; Iowa State 4 - Ohio State 1
TOP OF THE 7TH
Iowa State Cyclones batting - Pitching for Ohio State Buckeyes : RHP Roger Stewart
Batting: SHB Rickey Gray 0-0: Ball
1-0: Called Strike
1-1: Ball
2-1: Ball
3-1: Foul Ball, location: 2F
3-2: Base on Balls
Batting: RHB Dan Morrison 0-0: Called Strike
0-1: Sac Bunt - play at first, batter OUT! 5-4
Rickey Gray to second
Batting: SHB Sean Taylor 0-0: Intentional Walk
Batting: LHB Ramiro Muńóz 0-0: Foul Ball, location: 2F
0-1: Grounds into double play, U6-3 (Groundball, 6M)
Top of the 7th over - 0 run(s), 0 hit(s), 0 error(s), 1 left on base; Iowa State 4 - Ohio State 1
BOTTOM OF THE 7TH
Ohio State Buckeyes batting - Pitching for Iowa State Cyclones : RHP José Salinas
Pitching: RHP Fernando Cruz
Batting: SHB Tony Patterson 0-0: SOLO HOME RUN (Flyball, 89XD), Distance : 365 ft
Batting: LHB Matt Ruskin 0-0: Ball
1-0: Ground out 4-3 (Groundball, 4M)
Batting: RHB Santiago Gutiérrez 0-0: Ball
1-0: Ball
2-0: Called Strike
2-1: Ball
3-1: Foul Ball, location: 2F
3-2: Base on Balls
Batting: SHB Thomas Simmons 0-0: Ball
1-0: Foul Ball, location: 2F
1-1: Swinging Strike
1-2: Foul Ball, location: 2F
1-2: Ground out 5-3 (Groundball, 5S)
Santiago Gutiérrez to second
Batting: SHB Jorge Rodríguez 0-0: Called Strike
0-1: Swinging Strike
0-2: Hit by Pitch
Batting: RHB Júlio Morales 0-0: Called Strike
0-1: Ball
1-1: DOUBLE (Line Drive, 56D)
Santiago Gutiérrez scores
Jorge Rodríguez to third
Runner from 3rd tries for Home, SAFE, no throw or cutoff
Pitching: LHP Sergio Román
Batting: LHB Frank García 0-0: Fly out, F8 (Line Drive, 8LM)
Bottom of the 7th over - 3 run(s), 2 hit(s), 0 error(s), 1 left on base; Iowa State 4 - Ohio State 4
TOP OF THE 8TH
Iowa State Cyclones batting - Pitching for Ohio State Buckeyes : RHP Roger Stewart
Batting: SHB Jon Emery 0-0: Ball
Reached via error on a dropped throw, E3
Batting: LHB Jerry Trent 0-0: Ball
1-0: Ball
2-0: Ball
3-0: Base on Balls
Jon Emery to second
Batting: LHB Sean White 0-0: Called Strike
0-1: Ball
1-1: Foul Ball, location: 2F
1-2: Strikes out swinging
Pitching: RHP Tom Sheppard
Batting: RHB Tom Cline 0-0: Ball
1-0: Called Strike
1-1: Ball
2-1: Ball
3-1: Foul Ball, location: 2F
3-2: Base on Balls
Jon Emery to third
Jerry Trent to second
Pinch Hitting: LHB Ash Carney 0-0: Called Strike
0-1: Ball
1-1: Ball
2-1: Swinging Strike
2-2: Foul Ball, location: 2F
2-2: Strikes out swinging
Pinch Hitting: RHB Luke Cater 0-0: Ball
1-0: Ball
2-0: Ball
3-0: Base on Balls
Jon Emery scores
Jerry Trent to third
Tom Cline to second
Batting: RHB Dan Morrison 0-0: Ball
1-0: Foul Ball, location: 2F
1-1: Ball
2-1: Foul Ball, location: 2F
2-2: Strikes out looking
Top of the 8th over - 1 run(s), 0 hit(s), 1 error(s), 3 left on base; Iowa State 5 - Ohio State 4
BOTTOM OF THE 8TH
Ohio State Buckeyes batting - Pitching for Iowa State Cyclones : LHP Sergio Román
Pitching: RHP Santiago Velásquez
Now at SS: Justin Anthony
Now in CF: Marvin Reynolds
Batting: SHB Devin Smith 0-0: Ball
1-0: Foul Ball, location: 2F
1-1: Ball
2-1: Ball
3-1: Swinging Strike
3-2: Foul Ball, location: 2F
3-2: Foul Ball, location: 2F
3-2: Base on Balls
Batting: RHB Gabriel Soto 0-0: Ball
1-0: Ball
2-0: Ball
3-0: Base on Balls
Devin Smith to second
Batting: SHB Tony Patterson 0-0: Ball
1-0: Bunt - Flyout! F1
Pitching: LHP Bruce Cunningham
Batting: LHB Matt Ruskin 0-0: Ground out 3-1 (Groundball, 34S)
Devin Smith to third
Gabriel Soto to second
Pitching: LHP Nick Bryant
Batting: RHB Santiago Gutiérrez 0-0: Ball
1-0: Ball
2-0: Ball
3-0: Base on Balls
Pitching: RHP Luis Valentín
Batting: SHB Thomas Simmons 0-0: Called Strike
0-1: Foul Ball, location: 2F
0-2: Ball
1-2: Strikes out looking
Bottom of the 8th over - 0 run(s), 0 hit(s), 0 error(s), 3 left on base; Iowa State 5 - Ohio State 4
TOP OF THE 9TH
Iowa State Cyclones batting - Pitching for Ohio State Buckeyes : RHP Tom Sheppard
Pitching: RHP Bartolo Villarreal
Batting: SHB Sean Taylor 0-0: Foul Ball, location: 2F
0-1: Ball
1-1: Called Strike
1-2: Foul Ball, location: 2F
1-2: Ball
2-2: Ground out U3 (Groundball, 3)
Batting: LHB Ramiro Muńóz 0-0: Called Strike
0-1: Swinging Strike
0-2: Ball
1-2: Ball
2-2: Ball
3-2: Foul Ball, location: 2F
3-2: Strikes out swinging
Batting: SHB Jon Emery 0-0: Ball
1-0: Foul Ball, location: 2F
1-1: Ball
2-1: Fly out, F6 (Line Drive, 56)
Top of the 9th over - 0 run(s), 0 hit(s), 0 error(s), 0 left on base; Iowa State 5 - Ohio State 4
BOTTOM OF THE 9TH
Ohio State Buckeyes batting - Pitching for Iowa State Cyclones : RHP Luis Valentín
Pitching: RHP Harvey McFarland
Batting: SHB Jorge Rodríguez 0-0: Called Strike
0-1: Ball
1-1: Fly out, F8 (Flyball, 8RM)
Batting: RHB Júlio Morales 0-0: Swinging Strike
0-1: Ball
1-1: Ball
2-1: DOUBLE (Line Drive, 5L)
Batting: LHB Frank García 0-0: Ground out 4-3 (Groundball, 4)
Júlio Morales to third
Batting: SHB Devin Smith 0-0: Called Strike
0-1: Ball
1-1: Foul Ball, location: 2F
1-2: Foul Ball, location: 2F
1-2: Strikes out swinging
Bottom of the 9th over - 0 run(s), 1 hit(s), 0 error(s), 1 left on base; Iowa State 5 - Ohio State 4
This league is powered by Out of the Park Baseball, the baseball management simulation game for PC, Mac and Linux
Wednesday, December 2nd, 2015 - OOTP Baseball 16.8 Build 38